 Dungeon Crawl Stone Soup version 0.31-a0-705-ga145531891 (webtiles) character file.

Game seed: 17226073019920454811

156 qw the Shooter (level 5, -1/32 HPs)
             Began as a Gargoyle Hunter on Sept 9, 2023.
             Killed from afar by an orc (4 damage)
             ... with an iceblast
             ... on level 3 of the Dungeon.
             The game lasted 00:00:53 (2144 turns).

qw the Shooter (Gargoyle Hunter)                    Turns: 2144, Time: 00:00:54

Health: -1/32      AC: 13    Str: 15    XL:     5   Next: 38%
Magic:  5/5        EV: 11    Int:  9    God:
Gold:   137        SH:  5    Dex: 15    Spells: 4/4 levels left

rFire   . . .        Y - +2 shortbow
rCold   . . .        (shield currently unavailable)
rNeg    + . .        c - +0 leather armour
rPois   inf          j - +2 helmet
rElec   +            g - +0 cloak
rCorr   .            (no gloves)
SInv    .            (no boots)
Will    .....        d - amulet of reflection
Stlth   ++           (no ring)
HPRegen 0.25/turn    (no ring)
MPRegen 0.09/turn

%: reflection
@: no status effects
A: sickness immunity, AC +4, negative energy resistance 1, electricity
resistance, torment resistance 1, petrification resistance, shaggy fur 2, wild
magic 1
a: no special abilities


You were on level 3 of the Dungeon.
You visited 1 branch of the dungeon, and saw 3 of its levels.

You collected 137 gold pieces.


Innate Abilities, Weirdness & Mutations

You are immune to sickness and miasma.
Your stone body is resilient. (AC +4)
You are immune to poison.
You resist negative energy. (rN+)
You are resistant to electric shocks. (rElec)
You are resistant to unholy torment.
You are immune to petrification.
You are covered in thick fur. (AC +2)
Your spells are a little harder to cast, but a little more powerful.


   Skills:
 + Level 3.1 Fighting
 - Level 6.0 Ranged Weapons
 - Level 1.0 Armour
 - Level 1.5 Dodging
 - Level 1.1 Stealth


You had 4 spell levels left.
You didn't know any spells.
Your spell library was empty.

Inventory:

Hand Weapons
 Y - a +2 shortbow (weapon)
Armour
 c - a +0 leather armour (worn)
 e - a +0 leather armour of cold resistance
 g - a +0 cloak (worn)
 i - a +0 ring mail
 j - a +2 helmet (worn)
 n - a +0 pair of boots
Jewellery
 d - an amulet of reflection (around neck)
Scrolls
 a - a scroll of identify
 f - a scroll of teleportation {unknown}
 m - a scroll of amnesia {unknown}
Potions
 b - 3 potions of curing
 h - a potion of mutation
 k - a potion of enlightenment {unknown}
 l - a potion of lignification {unknown}

Dungeon Overview and Level Annotations

Branches:
Dungeon (3/15)

Altars:
Gozag
Yredelemnul


Message History

You hear an angry hiss.
2121 ||| FLEEEEING.
2122 ||| STILL FLEEEEING.
2123 ||| STILL FLEEEEING.
2124 ||| FLEEEEING.
2125 ||| STILL FLEEEEING.
2126 ||| STILL FLEEEEING.
You see here a +0 cloak.
2127 ||| STILL FLEEEEING.
2128 ||| STILL FLEEEEING.
2129 ||| STILL FLEEEEING.
You see here a +0 mace.
2130 ||| FLEEEEING.
2131 ||| FLEEEEING.
The orc zaps a wand.
The mass of ice explodes!
The iceblast engulfs you!
You hear an angry hiss.
2132 ||| FLEEEEING.
2133 ||| FLEEEEING.
2134 ||| FLEEEEING.
2135 ||| FLEEEEING.
An adder comes into view.
You shoot an arrow. The arrow hits the adder!
The adder is heavily wounded.
2137 ||| STILL FLEEEEING.
You shoot an arrow. The arrow barely misses the adder.
The orc zaps a wand.
The mass of ice explodes!
The iceblast engulfs you!
You shoot an arrow. The arrow closely misses the adder.
You shoot an arrow. The arrow barely misses the adder.
You shoot an arrow.
The arrow hits the adder but does no damage.
The adder is heavily wounded.
The adder bites you but does no damage.
You shoot an arrow. The arrow hits the adder.
You kill the adder!
You shoot an arrow. The arrow barely misses the orc.
The orc hits you but does no damage.
You shoot an arrow. The arrow hits the orc.
The orc is almost dead.
The orc zaps a wand.
The mass of ice explodes!
The iceblast engulfs you.
You die...

.........## #.........)###.##
.....(....#######......))........
...............##........).......
.....7.....777..........)........
.....777777777............[###.##
......7777_.7...........o.......#
....777..7.7.7.....########.##..#
...777777.7777..o%.# #.##..#
....77.777.7777.@..# #.##..#
...777..777.77.....# #..#...
.....7)7...777.....+ .......
#.#.7..777777......# ...#...
###..77....7.7.....# ####.##
....## ...7.7......# ....# .####
#......###### ##..## ..### ######
...... #...# ###.##


You could see an orc.

Vanquished Creatures
  An orc wizard (D:3)
  Robin (D:2)
  2 adders (D:3)
  An ufetubus (D:3)
  A worm (D:3)
  3 dart slugs (D:1)
  10 orcs (D:3)
  11 bats
  4 endoplasms
  3 giant cockroaches
  13 goblins
  5 hobgoblins
  3 jackals (D:1)
  5 kobolds
  A quokka (D:1)
  3 ball pythons
  2 frilled lizards
  5 rats
74 creatures vanquished.

Notes
Turn   | Place    | Note
-------+----------+-------------------------------------------
     0 | D:1      | qw the Gargoyle Hunter began the quest for the Orb.
     0 | D:1      | Reached XP level 1. HP: 12/12 MP: 1/1
     0 | D:1      | 0 ||| qw: Version: 0.3-a-80-g6052c40
     0 | D:1      | 0 ||| qw: Game counter: 1315
     0 | D:1      | 0 ||| qw: Melee chars always use a shield: true
     0 | D:1      | 0 ||| qw: God list: Okawaru
     0 | D:1      | 0 ||| qw: Allow faded altars: false
     0 | D:1      | 0 ||| qw: Do Orc after clearing Dungeon:15 true
     0 | D:1      | 0 ||| qw: Do second Lair branch before Depths: true
     0 | D:1      | 0 ||| qw: Lair rune preference: random
     0 | D:1      | 0 ||| qw: Goals: Normal
     0 | D:1      | 0 ||| PLANNING D:1-11
    45 | D:1      | Reached XP level 2. HP: 17/17 MP: 2/2
   250 | D:1      | Reached XP level 3. HP: 21/21 MP: 3/3
   363 | D:1      | Reached skill level 5 in Ranged Weapons
   850 | D:1      | 850 ||| UPGRADING to +0 cloak.
   855 | D:1      | 855 ||| UPGRADING to amulet of reflection.
   860 | D:1      | 860 ||| DRINKING 2 blue potions.
   865 | D:1      | 865 ||| DROPPING scroll of butterflies.
   866 | D:1      | 866 ||| DROPPING potion of ambrosia.
  1211 | D:2      | Reached skill level 3 in Fighting
  1339 | D:2      | Noticed Robin
  1348 | D:2      | Reached XP level 4. HP: 28/28 MP: 4/4
  1355 | D:2      | Killed Robin
  1637 | D:2      | 1637 ||| UPGRADING to +2 helmet.
  1642 | D:2      | 1642 ||| READING 3 scrolls labelled WYAKHL RUVEIL.
  1643 | D:2      | 1643 ||| READING scroll labelled TUTIENY IHEGO.
  1644 | D:2      | 1644 ||| READING 2 scrolls labelled BAGUSO SAREFA.
  1645 | D:2      | 1645 ||| READING scroll of enchant weapon.
  1645 | D:2      | 1645 ||| ENCHANTING +1 shortbow.
  1646 | D:2      | 1646 ||| DRINKING 5 ruby potions.
  1647 | D:2      | 1647 ||| DRINKING 2 viscous inky potions.
  1647 | D:2      | Gained mutation: You are covered in fur. (AC +1) [potion of
                  | mutation]
  1647 | D:2      | Gained mutation: Your spells are a little harder to cast,
                  | but a little more powerful. [potion of mutation]
  1647 | D:2      | Gained mutation: You are covered in thick fur. (AC +2)
                  | [potion of mutation]
  1648 | D:2      | 1648 ||| READING 2 scrolls of identify.
  1648 | D:2      | 1648 ||| IDENTIFYING emerald potion
  1649 | D:2      | 1649 ||| DROPPING potion of brilliance.
  1703 | D:3      | Reached skill level 1 in Armour
  1748 | D:3      | Found a faded altar of an unknown god.
  1784 | D:3      | Found a basalt altar of Yredelemnul.
  1963 | D:3      | 1963 ||| Stepping ~*~*~tactically~*~*~ (retreating).
  1966 | D:3      | 1966 ||| Stepping ~*~*~tactically~*~*~ (retreating).
  1973 | D:3      | Reached XP level 5. HP: 20/32 MP: 5/5
  1974 | D:3      | 1974 ||| DRINKING 4 potions of curing.
  1974 | D:3      | 1974 ||| (to cure confusion)
  2024 | D:3      | Found an opulent altar of Gozag.
  2092 | D:3      | Reached skill level 6 in Ranged Weapons
  2121 | D:3      | 2121 ||| FLEEEEING.
  2124 | D:3      | 2124 ||| FLEEEEING.
  2130 | D:3      | 2130 ||| FLEEEEING.
  2131 | D:3      | 2131 ||| FLEEEEING.
  2132 | D:3      | 2132 ||| FLEEEEING.
  2133 | D:3      | 2133 ||| FLEEEEING.
  2134 | D:3      | 2134 ||| FLEEEEING.
  2135 | D:3      | 2135 ||| FLEEEEING.
  2138 | D:3      | HP: 1/32 [orc/iceblast (13)]
  2144 | D:3      | Killed from afar by an orc

Levels and vault maps discovered:
D:1:      heliophobic_arrival_ceremonial_halls, layout_basic, glass_columns_c,
          nicolae_hexahallways
D:2:      layout_basic, dk_noncrumbling_3, uniq_robin, uniq_crazy_yiuf_cottage
D:3:      layout_basic, lemuel_crystal_altar,
          nicolae_gozag_cash_rules_everything_around_me,
          chequers_ecumenical_altar_grove

Skill      XL: |  1  2  3  4  5 |
---------------+----------------+-----
Ranged Weapons | 5 6 |  6.0
Fighting       | 3 |  3.1
Armour         | 1 |  1.0
Dodging        | |  1.5
Stealth        | |  1.1

Action                     |  1- 3 |  4- 6 || total
---------------------------+-------+-------++-------
   Fire: Shortbow          |    87 |   102 ||   189
    Use: Potion            |     1 |     3 ||     4
         Scroll            |       |     5 ||     5
 Armour: Leather armour    |    19 |    65 ||    84
  Dodge: Dodged            |    13 |    44 ||    57
  Block: Other             |       |     7 ||     7

Table legend:
 A = Non-vault XP
 B = Vault XP
 C = Vault XP percentage of total XP
 D = Non-vault monster count
 E = Vault monster count
 F = Vault count percentage of total count
                 A         B        C        D         E       F
            +---------+---------+-------+---------+---------+-------
      Total |     197 |      27 |  12.1 |      67 |       7 |   9.5
            +---------+---------+-------+---------+---------+-------
        D:1 |      53 |       0 |   0.0 |      27 |       0 |   0.0
        D:2 |      20 |      27 |  57.4 |      12 |       7 |  36.8
        D:3 |     124 |       0 |   0.0 |      28 |       0 |   0.0
            +---------+---------+-------+---------+---------+-------
